 Dungeon Crawl Stone Soup version 0.31-a0-217-g58bb5d79cf (webtiles) character file.

Game seed: 624323413345347901

2990 qw the Cleaver (level 9, -5/57 HPs)
             Began as a Gargoyle Fighter on July 2, 2023.
             Was a Believer of Okawaru.
             Collided with Maggie (12 damage)
             ... caused by Erica
             ... on level 8 of the Dungeon.
             The game lasted 00:02:57 (5306 turns).

qw the Cleaver (Gargoyle Fighter)                   Turns: 5306, Time: 00:02:58

Health: -5/57      AC: 22    Str: 30    XL:     9   Next: 83%
Magic:  11/12      EV: 29    Int:  9    God:    Okawaru [**....]
Gold:   378        SH:  0    Dex: 15    Spells: 8/8 levels left

rFire   + . .        Y - +1 war axe (venom)
rCold   . . .        c - +0 buckler
rNeg    + . .        m - +5 scale mail "Sozottat" {rF+ Str+3}
rPois   inf          (no helmet)
rElec   +            (no cloak)
rCorr   .            l - +0 pair of gloves
SInv    .            k - +0 pair of boots
Will    .....        o - amulet "Estewk" {Acrobat Str+3} Stlth
                     n - +6 ring of dexterity
HPRegen 0.29/turn    (no ring)
MPRegen 0.13/turn

%: acrobat
@: confused, heroic, acrobatic, mesmerised
A: sickness immunity, AC +6, negative energy resistance 1, electricity
resistance, torment resistance 1, petrification resistance
a: Renounce Religion, Heroism


You were on level 8 of the Dungeon.
You worshipped Okawaru.
Okawaru was pleased with you.
You visited 2 branches of the dungeon, and saw 9 of its levels.

You collected 378 gold pieces.


Innate Abilities, Weirdness & Mutations

You are immune to sickness and miasma.
Your stone body is resilient. (AC +6)
You are immune to poison.
You resist negative energy. (rN+)
You are resistant to electric shocks. (rElec)
You are resistant to unholy torment.
You are immune to petrification.


   Skills:
 - Level 7.2(12.2) Fighting
 + Level 9.5(14.5) Axes
 - Level 3.2(8.2) Armour
 - Level 2.8(7.8) Dodging
 - Level 4.3(9.3) Shields
 - Level 4.4 Invocations


You had 8 spell levels left.
You didn't know any spells.
Your spell library was empty.

Inventory:

Hand Weapons
 h - a +2 flail of venom
 Y - a +1 war axe of venom (weapon)
Armour
 c - a +0 buckler (worn)
 k - a +0 pair of boots (worn)
 l - a +0 pair of gloves (worn)
 m - the +5 scale mail "Sozottat" (worn) {rF+ Str+3}
   (You found it on level 3 of the Dungeon)

   Str:       It affects your strength (+3).
   rF:        It protects you from fire.
Jewellery
 b - a ring of fire
 n - a +6 ring of dexterity (left hand)
 o - the amulet "Estewk" (around neck) {Acrobat Str+3}
   (You took it off an orc on level 5 of the Dungeon)

   [amulet of the acrobat]

   It increases your evasion while moving and waiting.
   Str:       It affects your strength (+3).
Scrolls
 g - a scroll of identify
 p - 2 scrolls of teleportation
Potions
 a - a potion of heal wounds
 d - 2 potions of might
 e - a potion of enlightenment
 i - 2 potions of lignification
 j - a potion of resistance
 t - a potion of mutation

Dungeon Overview and Level Annotations

Branches:
Dungeon (8/15)             Temple (1/1) D:4
   Lair: D:8-11

Altars:
Ashenzari
Cheibriados
Elyvilon
Fedhas
Gozag
Hepliaklqana
Kikubaaqudgha
Makhleb
Nemelex Xobeh
Okawaru
Qazlal
Ru
Sif Muna
Trog
Uskayaw
Vehumet
Wu Jian
Xom
Yredelemnul
The Shining One

Shops:
D:5 :

Portals:
Bailey: D:7

Annotations:
D:8 Erica, Maggie


Message History

Erica is lightly wounded.
Erica casts a spell.
Erica flickers and vanishes!
Deactivating autopickup; reactivate with Ctrl-A.
You slash the howler monkey!
The howler monkey is poisoned.
The howler monkey is almost dead.
You slash something!
You kill the howler monkey!
Okawaru accepts your kill.
Maggie casts a spell.
Maggie attempts to bespell you!
You easily resist.
Something hits you. Something hits you but does no damage.
Maggie gives herself a magical halo, but it quickly sputters out.
Maggie hits you but does no damage.
Things that are here:
a +0 short sword; a howler monkey corpse
Enter note:
Enter note: Maggie completely misses you.
You hear some strange, mumbled words.
You are confused.
Maggie hits you with a +0 halberd.
You hear a zap.
Something tries to affect you, but you resist.
Maggie gestures at you while chanting. The bolt of fire hits you! You resist.
The bolt of fire hits something!
Maggie barely misses you. Something hits you. Something burns you.
Maggie misses you. Something hits you but does no damage.
Maggie casts a spell.
Maggie attempts to bespell you!
You are mesmerised by Maggie!
Something hits you but does no damage. Maggie closely misses you.
You hear some strange, mumbled words.
A lance of force appears from out of thin air!
The lance of force hits you!!
You are knocked back by the lance of force.
You collide with Maggie!
Maggie is moderately wounded.
You die...

.... .........#.. ....
.....#####..>...#..
..........#.#.#.....%...
...... ....#.#.#.....#.#
....... ..#.#.#.......#<
.......#+#.#.#.#.....#.#
......#.#.#.#.#.#.#.#.#.
......@#.#.#.#.#.#.#.#.#
#@#.#.#.#.#.#.#.#.
+#{#.#.#.#.#.#.#.#
#.#.#.#.#.#.#.#.#.
#.#.#.#.#.#.#.#.#.
##.#.#.#.#.#.#.#. #.#.#
#.#.#.#.#. ##.# #.#.#.#.
#.# #.#.#. ..@ #.#.#


You could see Maggie (mesmerising).

Vanquished Creatures
  Pikel (D:8)
  4 yaks (D:8)
  A steam dragon (D:6)
  A water moccasin (D:7)
  A sky beast (D:7)
  A black bear (D:6)
  An ice beast (D:6)
  A centaur (D:8)
  A phantom (D:5)
  A bullfrog (D:6)
  2 scorpions
  4 wights
  2 howler monkeys
  A crimson imp (D:5)
  A jelly (D:6)
  3 orc priests
  A hound (D:5)
  A gnoll bouda (D:6)
  3 iguanas
  Natasha (D:3)
  4 orc wizards
  5 sleepcaps
  7 gnolls
  14 adders
  2 white imps (D:6)
  An ufetubus (D:6)
  5 dart slugs
  15 orcs
  6 ball pythons
  7 endoplasms
  5 giant cockroaches
  6 goblins
  6 hobgoblins
  2 jackals (D:3)
  7 kobolds
  3 quokkas
  2 bats
  2 frilled lizards
  10 rats
141 creatures vanquished.

Notes
Turn   | Place    | Note
-------+----------+-------------------------------------------
     0 | D:1      | qw the Gargoyle Fighter began the quest for the Orb.
     0 | D:1      | Reached XP level 1. HP: 14/14 MP: 1/1
     0 | D:1      | 0 ||| qw: Version: 0.3-a-40-ge99b1a8
     0 | D:1      | 0 ||| qw: Game counter: 70
     0 | D:1      | 0 ||| qw: Melee chars always use a shield: true
     0 | D:1      | 0 ||| qw: God list: Okawaru
     0 | D:1      | 0 ||| qw: Allow faded altars: false
     0 | D:1      | 0 ||| qw: Do Orc after clearing Dungeon:15 true
     0 | D:1      | 0 ||| qw: Do second Lair branch before Depths: true
     0 | D:1      | 0 ||| qw: Lair rune preference: random
     0 | D:1      | 0 ||| qw: Goals: Normal, Zot:1-4, Slime:5, God:TSO, Crypt,
                  | Tomb, Abyss, Pan, Hells, Win
     0 | D:1      | 0 ||| PLANNING D:1-11
    25 | D:1      | Reached skill level 2 in Axes
   128 | D:1      | Reached XP level 2. HP: 17/19 MP: 2/2
   278 | D:1      | 278 ||| Stepping ~*~*~tactically~*~*~ (stealth).
   279 | D:1      | 279 ||| Stepping ~*~*~tactically~*~*~ (stealth).
   281 | D:1      | 281 ||| Stepping ~*~*~tactically~*~*~ (stealth).
   403 | D:1      | Reached skill level 3 in Axes
   592 | D:1      | 592 ||| Stepping ~*~*~tactically~*~*~ (hiding).
   594 | D:1      | 594 ||| Stepping ~*~*~tactically~*~*~ (hiding).
   629 | D:1      | 629 ||| UPGRADING to +0 pair of boots.
   634 | D:1      | 634 ||| UPGRADING to +0 pair of gloves.
   639 | D:1      | 639 ||| READING scroll labelled WIOWKOLOCW.
   640 | D:1      | 640 ||| READING scroll labelled SOSUZAURCHIEKAN.
   641 | D:1      | 641 ||| READING scroll labelled IXUMPAG NISTE.
   671 | D:2      | Reached XP level 3. HP: 23/23 MP: 3/3
  1013 | D:2      | Reached XP level 4. HP: 28/28 MP: 4/4
  1152 | D:2      | Reached skill level 4 in Axes
  1499 | D:2      | 1499 ||| DROPPING ring of wizardry.
  1500 | D:2      | 1500 ||| READING scroll labelled WETHIE PISAUMUODD.
  1501 | D:2      | 1501 ||| READING scroll labelled FOESKI ATUHI.
  1771 | D:3      | Reached XP level 5. HP: 32/32 MP: 5/5
  1941 | D:3      | Noticed Natasha
  1949 | D:3      | Killed Natasha
  1984 | D:3      | Identified the +5 scale mail "Sozottat" {rF+ Str+3}
  2103 | D:3      | 2103 ||| UPGRADING to +5 scale mail "Sozottat" {rF+ Str+3}.
  2113 | D:3      | 2113 ||| DROPPING +0 scale mail.
  2114 | D:3      | 2114 ||| DRINKING 2 metallic puce potions.
  2115 | D:3      | 2115 ||| DRINKING 2 orange potions.
  2142 | D:4      | 2142 ||| DROPPING +0 whip.
  2144 | D:4      | 2144 ||| Stepping ~*~*~tactically~*~*~ (stealth).
  2165 | D:4      | 2165 ||| Stepping ~*~*~tactically~*~*~ (stealth).
  2175 | D:4      | 2175 ||| Stepping ~*~*~tactically~*~*~ (stealth).
  2176 | D:4      | 2176 ||| Stepping ~*~*~tactically~*~*~ (stealth).
  2189 | D:4      | Reached skill level 5 in Axes
  2191 | D:4      | Reached skill level 1 in Dodging
  2192 | D:4      | 2192 ||| FLEEEEING.
  2193 | D:4      | 2193 ||| FLEEEEING.
  2194 | D:4      | 2194 ||| FLEEEEING.
  2195 | D:4      | 2195 ||| FLEEEEING.
  2196 | D:4      | 2196 ||| STAIRDANCE
  2219 | D:3      | 2219 ||| DRINKING 2 glowing black potions.
  2248 | D:4      | 2248 ||| STAIRDANCE
  2252 | D:3      | Reached XP level 6. HP: 23/38 MP: 6/6
  2370 | D:4      | 2370 ||| Stepping ~*~*~tactically~*~*~ (stealth).
  2371 | D:4      | 2371 ||| Stepping ~*~*~tactically~*~*~ (stealth).
  2373 | D:4      | 2373 ||| Stepping ~*~*~tactically~*~*~ (hiding).
  2520 | D:4      | Reached skill level 6 in Axes
  2520 | D:4      | Reached XP level 7. HP: 27/43 MP: 7/7
  2594 | D:4      | 2594 ||| DROPPING +0 mace.
  2596 | D:4      | Found a staircase to the Ecumenical Temple.
  2597 | D:4      | 2597 ||| PLANNING TEMPLE
  2597 | D:4      | 2597 ||| READING 3 scrolls of identify.
  2597 | D:4      | 2597 ||| IDENTIFYING fuming white potion
  2598 | D:4      | 2598 ||| READING 2 scrolls of identify.
  2598 | D:4      | 2598 ||| IDENTIFYING murky brown potion
  2607 | Temple   | Entered the Ecumenical Temple
  2608 | Temple   | 2608 ||| PLANNING OKAWARU WORSHIP
  2614 | Temple   | Became a worshipper of Warmaster Okawaru
  2615 | Temple   | 2615 ||| PLANNING D:1-11
  2672 | D:4      | Found a broken altar of Ashenzari.
  2817 | D:5      | Entered Level 5 of the Dungeon
  2853 | D:5      | 2853 ||| DRINKING potion of curing.
  2853 | D:5      | 2853 ||| (to cure confusion)
  2897 | D:5      | 2897 ||| DROPPING +0 flail.
  2907 | D:5      | Found Vohiyfiz's Book Emporium.
  3052 | D:5      | Reached skill level 7 in Axes
  3242 | D:5      | Identified the amulet "Estewk" {Acrobat Str+3}
  3245 | D:5      | Reached XP level 8. HP: 44/49 MP: 8/8
  3560 | D:5      | Found a shimmering altar of Xom.
  3560 | D:5      | Found a burning altar of Makhleb.
  3674 | D:5      | 3674 ||| UPGRADING to amulet "Estewk" {Acrobat Str+3}.
  3679 | D:5      | 3679 ||| READING scroll labelled ENOHEAWYPN.
  3780 | D:5      | 3780 ||| READING scroll labelled FODGHO VURO.
  3832 | D:6      | Reached * piety under Okawaru
  3875 | D:6      | 3875 ||| INVOKING Heroism.
  4025 | D:6      | Reached skill level 8 in Axes
  4025 | D:6      | 4025 ||| INVOKING Heroism.
  4087 | D:6      | 4087 ||| INVOKING Heroism.
  4093 | D:6      | Reached skill level 6 in Fighting
  4194 | D:6      | Found a hazy altar of Hepliaklqana.
  4195 | D:6      | 4195 ||| READING scroll labelled BOKOXE PANIGH.
  4256 | D:6      | 4256 ||| INVOKING Heroism.
  4363 | D:6      | Reached skill level 1 in Invocations
  4446 | D:6      | 4446 ||| READING scroll labelled ZOIMUZULAGG.
  4467 | D:7      | Reached XP level 9. HP: 52/55 MP: 8/10
  4467 | D:7      | 4467 ||| STAIRDANCE
  4494 | D:7      | Found an ancient bone altar of Kikubaaqudgha.
  4560 | D:7      | Found a basalt altar of Yredelemnul.
  4596 | D:7      | Reached skill level 9 in Axes
  4596 | D:7      | 4596 ||| Stepping ~*~*~tactically~*~*~ (stealth).
  4597 | D:7      | 4597 ||| Stepping ~*~*~tactically~*~*~ (stealth).
  4620 | D:7      | Reached skill level 3 in Invocations
  4731 | D:7      | Found a blossoming altar of Fedhas.
  4836 | D:7      | Found a snail-covered altar of Cheibriados.
  4914 | D:7      | Found a flagged portal.
  4915 | D:7      | 4915 ||| Stepping ~*~*~tactically~*~*~ (hiding).
  4923 | D:7      | 4923 ||| Stepping ~*~*~tactically~*~*~ (hiding).
  5118 | D:7      | 5118 ||| DROPPING +0 chain mail of fire resistance.
  5119 | D:7      | 5119 ||| UPGRADING to +6 ring of dexterity.
  5120 | D:7      | 5120 ||| READING scroll labelled YTHYUBIHIE.
  5121 | D:7      | 5121 ||| READING scroll labelled DAMUDI DIEFUBU.
  5122 | D:7      | 5122 ||| READING 2 scrolls labelled MACKAI KUASIUL.
  5123 | D:7      | 5123 ||| READING 2 scrolls of identify.
  5123 | D:7      | 5123 ||| IDENTIFYING murky grey potion
  5124 | D:7      | 5124 ||| DROPPING scroll of amnesia.
  5125 | D:7      | 5125 ||| DROPPING potion of degeneration.
  5164 | D:8      | Noticed Pikel
  5165 | D:8      | 5165 ||| INVOKING Heroism.
  5172 | D:8      | Killed Pikel
  5172 | D:8      | Reached ** piety under Okawaru
  5236 | D:8      | 5236 ||| Stepping ~*~*~tactically~*~*~ (stealth).
  5291 | D:8      | Noticed Erica
  5292 | D:8      | 5292 ||| Stepping ~*~*~tactically~*~*~ (stealth).
  5292 | D:8      | Noticed Maggie
  5295 | D:8      | 5295 ||| INVOKING Heroism.
  5306 | D:8      | HP: 7/57 [something/lance of force (28)]
  5306 | D:8      | Collided with Maggie

Levels and vault maps discovered:
D:1:      minmay_arrival_arboretum_small, layout_basic,
          chequers_serial_rivers_room_a
D:2:      minmay_chambers_of_ones, layout_basic
D:3:      layout_basic, uniq_natasha
D:4:      layout_rooms, kennysheep_mini, minmay_temple_entry_trees
D:5:      layout_cave_pods, grunt_temple_overflow_champion_of_chaos,
          serial_shops, nicolae_shop_tiny_statue_garden, grunt_ministairs_2
D:6:      layout_rooms, mainiacjoe_overflow_brackets, minmay_strange_pillars
D:7:      layout_loops_cross, fedhas_altar_2, general_overflow_altar,
          mainiacjoe_overflow_six_doors_small, kiku_gazebo_pond_becter,
          enter_bailey_7
D:8:      layout_basic, uniq_erica, uniq_pikel, uniq_maggie
Temple:   nicolae_temple_no_exploring_needed

Skill      XL: |  1  2  3  4  5  6  7  8  9 |
---------------+----------------------------+-----
Axes           | 2 3 4 5 6 7 8 9 |  9.5
Dodging        | 1 2 |  2.8
Fighting       | 4 5 6 7 |  7.2
Invocations    | 2 4 |  4.4
Shields        | 4 |  4.3
Armour         | |  3.2

Action                     |  1- 3 |  4- 6 |  7- 9 || total
---------------------------+-------+-------+-------++-------
  Melee: War axe           |   127 |   123 |   176 ||   426
 Invoke: Heroism           |       |       |     6 ||     6
    Use: Scroll            |     3 |     2 |    10 ||    15
         Potion            |       |     3 |     1 ||     4
 Armour: Scale mail        |    61 |    68 |    89 ||   218
  Dodge: Dodged            |    67 |    62 |   104 ||   233
  Block: Buckler           |    23 |    28 |    35 ||    86

Table legend:
 A = Non-vault XP
 B = Vault XP
 C = Vault XP percentage of total XP
 D = Non-vault monster count
 E = Vault monster count
 F = Vault count percentage of total count
                 A         B        C        D         E       F
            +---------+---------+-------+---------+---------+-------
      Total |    3443 |     829 |  19.4 |     127 |      14 |   9.9
            +---------+---------+-------+---------+---------+-------
        D:1 |      32 |       0 |   0.0 |      21 |       0 |   0.0
        D:2 |      75 |      11 |  12.8 |      17 |       5 |  22.7
        D:3 |     203 |      35 |  14.7 |      13 |       1 |   7.1
        D:4 |     301 |       0 |   0.0 |      20 |       0 |   0.0
        D:5 |     525 |     121 |  18.7 |      21 |       3 |  12.5
        D:6 |     946 |       0 |   0.0 |      23 |       0 |   0.0
        D:7 |     369 |      33 |   8.2 |       5 |       4 |  44.4
        D:8 |     992 |     629 |  38.8 |       7 |       1 |  12.5
            +---------+---------+-------+---------+---------+-------
